 Dungeon Crawl Stone Soup version 0.26-a0-682-g294304f6e8 (webtiles) character file.

Game seed: 8486667391128063197

190027 karrick the Bludgeoner (level 18, -2/116 HPs)
             Began as a Gargoyle Gladiator on Oct 22, 2020.
             Was the Champion of Okawaru.
             Slain by a merfolk impaler
             ... wielding a +0 trident
              (13 damage)
             ... on level 4 of the Shoals.
             The game lasted 01:55:42 (36730 turns).

karrick the Bludgeoner (Gargoyle Gladiator)        Turns: 36730, Time: 01:55:43

Health: -2/116     AC: 39    Str: 24    XL:     18   Next: 60%
Magic:  18/18      EV: 17    Int: 16    God:    Okawaru [******]
Gold:   2875       SH:  5    Dex: 14    Spells: 17/17 levels left

rFire    . . .     SeeInvis .   R - +8 great mace of Enedor {vorpal, rN++ Int+4 Dex-2}
rCold    . . .     Faith    .   (shield currently unavailable)
rNeg     + + +     Spirit   .   P - +6 ring mail of Serendipity {Slay+3}
rPois    ∞         Reflect  +   r - +0 hat of Duck's Teeth {*Contam rN+ Regen+}
rElec    +         Harm     .   B - +1 cloak
rCorr    +         Rampage  .   b - +2 pair of gloves {Str+3}
MR       ++...                  d - +0 pair of boots "Epsuuv" {rCorr Dex+3}
Stlth    +++++.....             T - amulet of reflection
HPRegen  0.69/turn              a - +4 ring of protection
MPRegen  0.16/turn              M - ring of protection from magic

@: about to teleport, flying, mesmerised, studying 2 skills
A: big wings, negative energy resistance 1, electricity resistance, unbreathing,
petrification resistance, rot immunity, AC +13
a: Stop Flying, Heroism, Finesse, Renounce Religion


You were on level 4 of the Shoals.
You worshipped Okawaru.
Okawaru was exalted by your worship.
You visited 6 branches of the dungeon, and saw 30 of its levels.
You also visited: Bailey, Ice Cave and Wizlab.

You collected 3168 gold pieces.
You spent 293 gold pieces at shops.

Inventory:

Hand Weapons
 I - a +3 vorpal war axe
 Q - the +9 great sword of Upheaval {vamp, +Blink Str+4}
   (You found it on level 5 of the Dungeon)

   It inflicts no extra harm, but heals its wielder when it wounds a living foe.
   It affects your strength (+4).
   It lets you blink.
 R - the +8 great mace of Enedor (weapon) {vorpal, rN++ Int+4 Dex-2}
   (Okawaru gifted it to you on level 12 of the Dungeon)

   It inflicts extra damage upon your enemies.
   It affects your intelligence (+4).
   It affects your dexterity (-2).
   It greatly protects you from negative energy.
 S - the +8 long sword of the Pharaoh's Fist {freeze, rF+ rN+}
   (Okawaru gifted it to you on level 2 of the Shoals)

   It has been specially enchanted to freeze those struck by it, causing extra
   injury to most foes and up to half again as much damage against particularly
   susceptible opponents.
   It can also slow down cold-blooded creatures.
   It protects you from fire.
   It protects you from negative energy.
Armour
 b - a +2 pair of gloves of strength (worn)
 d - the +0 pair of boots "Epsuuv" (worn) {rCorr Dex+3}
   (You found it on level 12 of the Dungeon)

   It affects your dexterity (+3).
   It provides partial protection from all sources of acid and corrosion.
 r - the +0 hat of Duck's Teeth (worn) {*Contam rN+ Regen+}
   (Okawaru gifted it to you on level 2 of the Elven Halls)

   It protects you from negative energy.
   It causes magical contamination when unequipped.
   It increases your rate of regeneration.
 B - a +1 cloak (worn)
 P - the +6 ring mail of Serendipity (worn) {Slay+3}
   (You found it on level 8 of the Dungeon)

   It affects your accuracy and damage with ranged weapons and melee attacks
   (+3).
Jewellery
 a - a +4 ring of protection (left hand)
 h - the ring "Tela" {MR+ Str-3 Int+3 Dex+6}
   (You found it on level 6 of the Lair of Beasts)

   [ring of dexterity]

   It affects your strength (-3).
   It affects your intelligence (+3).
   It affects your dexterity (+6).
   It affects your resistance to hostile enchantments.
 j - the amulet "Fiuhoipn" {Spirit rC+}
   (You found it on level 3 of the Shoals)

   [amulet of guardian spirit]

   It causes incoming damage to be split between your health and magic.
   It protects you from cold.
 x - an uncursed ring of resist corrosion
 F - an uncursed amulet of regeneration
 M - a ring of protection from magic (right hand)
 T - an amulet of reflection (around neck)
Wands
 v - a wand of paralysis (5)
 E - a wand of acid (33)
 N - a wand of polymorph (25)
 U - a wand of disintegration (59)
 V - a wand of iceblast (39)
 W - a wand of digging (2)
Scrolls
 e - 2 scrolls of holy word
 f - 13 scrolls of remove curse
 g - 6 scrolls of fog
 i - 15 scrolls of teleportation
 l - 3 scrolls of blinking
 n - 8 scrolls of magic mapping
 s - 6 scrolls of immolation
 t - 6 scrolls of amnesia
 y - 3 scrolls of enchant armour
 G - 8 scrolls of fear
 J - 3 scrolls of vulnerability
 X - 3 scrolls of torment
 Z - a scroll of acquirement
Potions
 k - 12 potions of curing
 m - a potion of might
 o - 8 potions of lignification
 p - a potion of ambrosia
 q - 13 potions of heal wounds
 w - 4 potions of magic
 C - 6 potions of haste
 D - 5 potions of brilliance
 H - 7 potions of mutation
 K - a potion of resistance
 L - 4 potions of stabbing
Books
 A - a manual of Ice Magic
 Y - a manual of Shields
Miscellaneous
 c - a condenser vane (2/2)
 u - a tin of tremorstones (3/3)
 z - a lightning rod (4/4)
 O - a phantom mirror


   Skills:
 + Level 14.3 Fighting
   Level 3.8(3.9) Short Blades
 + Level 1.2(2.7) Long Blades
 - Level 5.2(13.8) Axes
 + Level 20.4(20.6) Maces & Flails
 + Level 1.9 Throwing
 * Level 13.8 Armour
 + Level 9.7 Dodging
 * Level 15.1 Stealth
 + Level 8.2 Shields
 + Level 0.9 Unarmed Combat
 + Level 1.3 Invocations


You had 17 spell levels left.
You didn't know any spells.
Your spell library contained the following spells:

 Spells                   Type           Power        Failure   Level
 Beastly Appendage        Tmut           #.....       34%         1
 Foxfire                  Conj/Fire      #...         34%         1
 Pain                     Necr           #...         34%         1
 Sandblast                Erth           #.....       34%         1
 Sting                    Tmut/Pois      #...         34%         1
 Blink                    Tloc           N/A          45%         2
 Ensorcelled Hibernation  Hex/Ice        #.....       45%         2
 Passwall                 Tmut/Erth      #.......     45%         2
 Poisonous Vapours        Pois/Air       #.....       45%         2
 Swiftness                Air            #.......     45%         2
 Confusing Touch          Hex            #.......     71%         3
 Gell's Gravitas          Tloc           #.........   71%         3
 Ignite Poison            Fire/Tmut/Pois #.......     71%         3
 Lesser Beckoning         Tloc           #.........   71%         3
 Mephitic Cloud           Conj/Pois/Air  #.......     71%         3
 Spider Form              Tmut/Pois      #.........   71%         3
 Static Discharge         Conj/Air       #.......     71%         3
 Stone Arrow              Conj/Erth      #.....       71%         3
 Teleport Other           Tloc           #.......     71%         3
 Dispel Undead            Necr           #.......     98%         4
 Hailstorm                Conj/Ice       #.......     98%         4
 Iskenderun's Mystic Bla  Conj/Tloc      #.......     98%         4
 Leda's Liquefaction      Hex/Erth       #.........   98%         4
 Olgreb's Toxic Radiance  Pois           #.......     98%         4
 Passage of Golubria      Tloc           N/A          98%         4
 Petrify                  Tmut/Erth      #.......     98%         4
 Agony                    Necr           #.......     100%        5
 Bolt of Magma            Conj/Fire/Erth #.........   100%        5
 Borgnjor's Vile Clutch   Necr/Erth      #.........   100%        5
 Iskenderun's Battlesphe  Conj           #.......     100%        5
 Lee's Rapid Deconstruct  Erth           #.........   100%        5
 Metabolic Englaciation   Hex/Ice        #.........   100%        5
 Silence                  Hex/Air        #.........   100%        5
 Yara's Violent Unravell  Hex/Tmut       #.........   100%        5
 Death Channel            Necr           #.........   100%        6
 Invisibility             Hex            #.......     100%        6
 Iron Shot                Conj/Erth      #.........   100%        6
 Shadow Creatures         Summ           N/A          100%        6
 Haunt                    Necr/Summ      #.........   100%        7
 Orb of Destruction       Conj           #.........   100%        7
 Spellforged Servitor     Conj/Summ      #.........   100%        7
 Borgnjor's Revivificati  Necr           #.........   100%        8
 Infestation              Necr           #.........   100%        8
 Necromutation            Tmut/Necr      #.........   100%        8
 Death's Door             Necr           #.........   100%        9
 Shatter                  Erth           #.........   100%        9
 Tornado                  Air            #.........   100%        9
 Statue Form              Tmut/Erth      Unusable     N/A         6

Dungeon Overview and Level Annotations

Branches:
Dungeon (15/15)            Temple (1/1) D:5            Lair (6/6) D:10
 Shoals (4/4) Lair:2       Spider (0/4) Lair:4        Slime (0/5) Lair:5
    Orc (2/2) D:9             Elf (2/3) Orc:2        Vaults (0/5) D:13
 Depths (0/5) D:15         Bailey (visited)           IceCv (visited)
 WizLab (visited)

Altars:
Ashenzari
Cheibriados
Dithmenos
Elyvilon
Fedhas
Gozag
Hepliaklqana
Kikubaaqudgha
Makhleb
Nemelex Xobeh
Okawaru
Qazlal
Ru
Sif Muna
Trog
Uskayaw
Vehumet
Wu Jian
Xom
Yredelemnul
Zin
The Shining One
Beogh

Shops:
Orc:1 (   Orc:2 [?!?*   Elf:2 (

Portals:
Abyss: D:5

Annotations:
D:3 1 runed translucent door
D:13 3 runed translucent doors
Shoals:3 2 transporters, Meod's ghost, adept MiBe
Elf:2 Asterion


Innate Abilities, Weirdness & Mutations

You are resistant to torment.
Your stone body is resilient. (AC +13)
You are immune to poison.
Your large and strong wings let you fly indefinitely.
You resist negative energy. (rN+)
You are resistant to electric shocks. (rElec)
You can survive without breathing.
You are immune to petrification.
You are immune to rotting.


Message History

Unknown command.
You hammer the harpy like a gong!!!
You kill the harpy!
Okawaru accepts your kill. The merfolk impaler misses you.
The merfolk avatar chants its luring song.
You block the harpy's attack. The harpy claws you.
* * * LOW HITPOINT WARNING * * *
The merfolk impaler closely misses you. The harpy closely misses you. x2
You sock the harpy!
The harpy is heavily wounded.
The harpy claws you but does no damage. x2; The harpy claws you.
* * * LOW HITPOINT WARNING * * *
The harpy completely misses you. The merfolk impaler closely misses you.
The harpy barely misses you. The harpy claws you.
* * * LOW HITPOINT WARNING * * *
The merfolk avatar chants its luring song.
The harpy closely misses you. The harpy claws you but does no damage.
The merfolk impaler hits you with a +0 trident!
You die...

###### ≈≈≈≈≈≈≈≈≈.##.
#≈≈ ≈≈# ≈≈≈≈≈≈≈≈....≈
#....≈##≈≈≈≈≈≈≈.....
.≈≈..≈#≈≈((((......
#≈#..#≈≈....≈.....
H≈##≈≈..#......≈.....
m≈≈≈≈.m.#....(.≈.....
..#m#............
.#.#@............
..#HHH......#.≈..
###H)..........≈≈≈
≈≈≈≈...........≈≈#
≈≈≈m≈≈....†....≈..##
.≈≈≈≈≈≈.......≈≈≈##
..≈≈≈≈≈.....≈≈≈≈≈#
...≈≈≈≈.....≈≈≈≈≈#
....≈≈≈≈....<.≈≈.#


You could see a merfolk avatar (mesmerising), 2 merfolk impalers and 4 harpies.

Vanquished Creatures
  Jorgrun (Shoals:1)
  Frances (Shoals:2)
  5 sphinxes
  Gastronok (Lair:3)
  A storm dragon (D:13)
  Ilsuiw (Shoals:2)
  2 tengu reavers (D:13)
  A deep elf sorcerer (Elf:1)
  A deep elf elementalist (Elf:2)
  A deep elf demonologist (Elf:2)
  12 purple draconians (WizLab)
  2 merfolk javelineers
  9 statues (WizLab)
  2 merfolk impalers
  4 fire dragons
  2 boulder beetles
  12 hydras
  3 vault guards (D:13)
  A hell beast (Elf:1)
  An anaconda (shapeshifter) (D:15)
  2 catoblepae
  A rakshasa (D:15)
  2 merfolk aquamancers
  A merfolk avatar (Shoals:2)
  The ghost of Whiskey the Unseen, a journeyman OpEn of Ashenzari (D:9)
  5 two-headed ogres
  8 dancing weapons
  3 centaur warriors
  An orc high priest (Orc:2)
  Urug (Lair:2)
  2 tengu warriors (D:14)
  The ghost of HellBreezer the Thaumaturge, a novice GnWn of Nemelex Xobeh (D:7)
  8 deep elf knights
  A fire crab (Lair:6)
  A wizard (D:13)
  2 unseen horrors
  7 sea snakes
  9 deep elf archers
  2 orc knights (D:13)
  A wolf spider (D:15)
  13 harpies
  A wolf spider zombie (D:13)
  7 orc sorcerers
  9 ugly things
  50 deep elf magi
  The ghost of om the Magician, a novice DrEE (D:5)
  2 cyclopes
  7 fauns
  3 slime creatures
  16 manticores
  10 merfolk sirens
  3 ice statues (IceCv)
  A black mamba (shapeshifter) (D:15)
  14 elephants
  4 water nymphs
  3 gargoyles
  A guardian serpent (shapeshifter) (D:7)
  6 black mambas
  A torpor snail (Lair:4)
  3 molten gargoyles (Lair:6)
  13 cane toads
  Maggie (D:9)
  An efreet (D:15)
  6 kobold demonologists
  2 rime drakes
  9 komodo dragons
  5 trolls
  3 tengu conjurers
  24 merfolk
  A wind drake (Shoals:2)
  A hornet (Lair:4)
  11 blink frogs (Lair:2)
  A wind drake (shapeshifter) (Elf:1)
  3 snapping turtles
  A dream sheep (shapeshifter) (Elf:1)
  3 meliai zombies
  12 spriggans (Lair:1)
  4 shadows
  8 wraiths
  36 yaks
  A fire elemental (Elf:1)
  13 water elementals
  5 wyverns
  9 basilisks
  A human (D:13)
  The ghost of Carnifexus the Slasher, an amateur DsBe of Trog (D:3)
  3 steam dragons
  A small abomination (D:5)
  A warg (Orc:1)
  6 hell hounds
  Duvessa (D:7)
  A hornet zombie (D:13)
  10 water moccasins
  A black bear (D:8)
  32 orc warriors
  13 ice beasts
  2 phantoms
  15 ogres
  5 sky beasts
  A necrophage (D:10)
  2 boggarts (Elf:1)
  12 wolves
  6 big kobolds
  13 centaurs
  23 bullfrogs
  A gnoll sergeant (D:5)
  A water moccasin zombie (D:9)
  2 earth elementals (Elf:1)
  Dowan (D:7)
  A water moccasin skeleton (D:8)
  3 scorpions
  57 killer bees
  3 wights (D:13)
  2 howler monkeys
  3 electric eels
  A crimson imp (D:9)
  5 lava snakes (Lair:6)
  A bullfrog zombie (D:9)
  3 centaur zombies
  9 hounds
  5 jellies
  4 centaur skeletons
  An iron imp (D:5)
  25 orc priests
  25 orc wizards
  2 bullfrog skeletons
  A gnoll shaman (D:3)
  3 iguanas
  9 hell rats (Lair:3)
  13 worker ants
  A hound zombie (D:10)
  A hound skeleton (D:5)
  Robin (D:3)
  14 gnolls
  14 adders
  16 river rats
  3 shadow imps (D:5)
  3 white imps
  6 ufetubi
  3 oozes
  An adder zombie (D:6)
  An adder skeleton (D:5)
  6 worms
  3 dart slugs
  4 leopard geckos
  100 orcs
  8 giant cockroaches
  27 goblins
  12 hobgoblins
  18 jackals
  9 quokkas
  2 ball pythons
  9 bats
  7 frilled lizards
  A jackal skeleton (D:4)
  33 kobolds
  A leopard gecko skeleton (D:4)
  13 rats
1098 creatures vanquished.

Vanquished Creatures (others)
  A wizard (Elf:1)
  A hell hound (Lair:6)
  An orc priest (Orc:2)
  16 fungi
  30 plants
49 creatures vanquished.

Grand Total: 1147 creatures vanquished

Notes
Turn   | Place    | Note
-------+----------+-------------------------------------------
     0 | D:1      | karrick the Gargoyle Gladiator began the quest for the Orb.
     0 | D:1      | Reached XP level 1. HP: 12/12 MP: 1/1
   109 | D:1      | Reached XP level 2. HP: 17/17 MP: 2/2
   295 | D:1      | Reached XP level 3. HP: 4/22 MP: 3/3
   976 | D:2      | Reached XP level 4. HP: 27/27 MP: 4/4
  1060 | D:2      | Found a shimmering altar of Xom.
  1176 | D:2      | Reached skill level 4 in Maces & Flails
  1392 | D:2      | Reached skill level 1 in Armour
  1564 | D:3      | Reached XP level 5. HP: 25/32 MP: 5/5
  2065 | D:3      | Noticed Robin
  2109 | D:3      | Killed Robin
  2109 | D:3      | Reached skill level 1 in Short Blades
  2199 | D:3      | Found a runed translucent door.
  2314 | D:3      | Reached XP level 6. HP: 29/37 MP: 6/6
  2655 | D:3      | Found a runed translucent door.
  2655 | D:3      | Noticed Carnifexus's ghost (amateur DsBe)
  3176 | D:4      | Found a hazy altar of Hepliaklqana.
  3176 | D:4      | Found a shadowy altar of Dithmenos.
  3176 | D:4      | Noticed a shadow
  3275 | D:4      | Found a sacrificial altar of Ru.
  3276 | D:4      | Found a radiant altar of Vehumet.
  3390 | D:4      | Found an opulent altar of Gozag.
  3390 | D:4      | Found a stormy altar of Qazlal.
  3615 | D:5      | Entered Level 5 of the Dungeon
  3641 | D:5      | Reached skill level 1 in Stealth
  3736 | D:6      | Reached XP level 7. HP: 27/41 MP: 7/7
  4075 | D:6      | Reached skill level 1 in Axes
  4348 | D:6      | Reached XP level 8. HP: 26/48 MP: 8/8
  4692 | D:6      | Found an ancient bone altar of Kikubaaqudgha.
  5072 | D:5      | Found a staircase to the Ecumenical Temple.
  5145 | D:5      | Found a transporter.
  5193 | Temple   | Entered the Ecumenical Temple
  5260 | Temple   | Became a worshipper of Warmaster Okawaru
  5484 | D:5      | Found an iron altar of Okawaru.
  5539 | D:5      | Reached skill level 5 in Dodging
  5725 | D:5      | Found a transporter.
  5725 | D:5      | Found a one-way gate to the infinite horrors of the Abyss.
  5725 | D:5      | Noticed om's ghost (novice DrEE)
  6133 | D:7      | Found a hide-covered altar of Uskayaw.
  6216 | D:7      | Found an ornate altar of the Wu Jian Council.
  6236 | D:7      | Noticed Dowan
  6244 | D:7      | Killed Dowan
  6245 | D:7      | Noticed Duvessa
  6266 | D:7      | Killed Duvessa
  6431 | D:7      | Found a transporter.
  6434 | D:7      | Found a transporter.
  6434 | D:7      | Noticed HellBreezer's ghost (novice GnWn)
  6438 | D:7      | Noticed a troll
  6444 | D:7      | Noticed a wind drake
  6444 | D:7      | a troll changed into a wind drake
  6445 | D:7      | a wind drake changed into an eye of draining
  6558 | D:7      | Reached skill level 5 in Axes
  6573 | D:7      | Reached * piety under Okawaru
  6681 | D:7      | Noticed a komodo dragon
  6723 | D:7      | Reached XP level 9. HP: 47/52 MP: 9/9
  6960 | D:8      | Reached skill level 5 in Maces & Flails
  7046 | D:8      | Got an agate-studded ring mail
  7057 | D:8      | Identified the +6 ring mail of Serendipity {Slay+3} (You
                  | found it on level 8 of the Dungeon)
  7129 | D:8      | Reached skill level 6 in Maces & Flails
  7141 | D:8      | Reached skill level 5 in Fighting
  7361 | D:8      | Reached skill level 7 in Maces & Flails
  7460 | D:8      | Reached ** piety under Okawaru
  7520 | D:8      | Noticed a two-headed ogre
  7544 | D:8      | Killed a two-headed ogre
  7544 | D:8      | Reached *** piety under Okawaru
  7544 | D:8      | Reached skill level 9 in Maces & Flails
  7597 | D:8      | Reached XP level 10. HP: 59/59 MP: 10/10
  7601 | D:8      | Reached skill level 10 in Maces & Flails
  7873 | D:3      | Killed Carnifexus's ghost
  7977 | D:5      | Killed om's ghost
  7977 | D:5      | Reached skill level 11 in Maces & Flails
  7986 | D:5      | Got a faintly glowing great sword
  8085 | D:6      | Reached **** piety under Okawaru
  8269 | D:9      | Found a bloodstained altar of Trog.
  8281 | D:9      | Found a burning altar of Makhleb.
  8342 | D:9      | Reached skill level 12 in Maces & Flails
  8445 | D:9      | Noticed Maggie
  8454 | D:10     | Entered Level 10 of the Dungeon
  8569 | D:10     | Found a staircase to the Lair.
  8735 | D:10     | Reached ***** piety under Okawaru
  8784 | D:10     | Reached skill level 5 in Stealth
  8812 | D:10     | Reached skill level 13 in Maces & Flails
  9069 | D:10     | Reached XP level 11. HP: 53/65 MP: 11/11
  9280 | D:11     | Killed an unseen horror
 10313 | D:12     | Noticed a two-headed ogre
 10323 | D:12     | Killed a two-headed ogre
 10323 | D:12     | Received a gift from Okawaru
 10323 | D:12     | Reached skill level 5 in Armour
 10328 | D:12     | Got a bloodstained great mace {god gift}
 10355 | D:12     | Identified the +8 great mace of Enedor {vorpal, rN++ Int+4
                  | Dex-2} (Okawaru gifted it to you on level 12 of the
                  | Dungeon)
 10398 | D:12     | Noticed a deep elf mage
 10401 | D:12     | Killed a deep elf mage
 10426 | D:12     | Killed an unseen horror
 10426 | D:12     | Reached skill level 14 in Maces & Flails
 10476 | D:12     | Noticed a deep elf mage
 10484 | D:12     | Killed a deep elf mage
 10571 | D:12     | Identified the +9 great sword of Upheaval {vamp, +Blink
                  | Str+4} (You found it on level 5 of the Dungeon)
 10959 | D:12     | Noticed a cyclops
 10971 | D:12     | Killed a cyclops
 10992 | D:12     | Received a gift from Okawaru
 10995 | D:12     | Got a steaming rapier {god gift}
 10996 | D:12     | Identified the +6 rapier "Killer Klown's Peril" {flame,
                  | rElec rC+ Int+2} (Okawaru gifted it to you on level 12 of
                  | the Dungeon)
 11166 | D:12     | Noticed a brown ugly thing
 11167 | D:12     | Noticed a deep elf mage
 11169 | D:12     | Noticed a deep elf mage
 11192 | D:12     | Killed a brown ugly thing
 11196 | D:12     | Killed a deep elf mage
 11196 | D:12     | Reached skill level 1 in Long Blades
 11196 | D:12     | Reached XP level 12. HP: 26/73 MP: 9/12
 11297 | D:12     | Noticed a deep elf knight
 11586 | D:9      | Found a staircase to the Orcish Mines.
 11587 | D:9      | Found a snail-covered altar of Cheibriados.
 11625 | D:9      | Killed Maggie
 11637 | D:9      | Found a runed translucent gate.
 11637 | D:9      | Found a runed translucent gate.
 11638 | D:9      | Found a runed translucent gate.
 11888 | D:9      | Noticed Whiskey's ghost (journeyman OpEn)
 12017 | D:7      | Killed HellBreezer's ghost
 12091 | Lair:1   | Entered Level 1 of the Lair of Beasts
 12198 | D:12     | Noticed a soul eater
 12278 | D:13     | Noticed a boulder beetle
 12278 | D:13     | Noticed a centaur warrior
 12551 | D:13     | Noticed a seven-headed hydra
 12562 | D:13     | Killed a seven-headed hydra
 12591 | D:13     | Reached skill level 15 in Maces & Flails
 12713 | D:13     | Found a runed translucent gate.
 12713 | D:13     | Found a runed translucent gate.
 12713 | D:13     | Found a runed translucent gate.
 12726 | D:13     | Noticed a tengu reaver
 12726 | D:13     | Noticed a centaur warrior
 12728 | D:13     | Noticed a storm dragon
 12768 | D:13     | Reached ****** piety under Okawaru
 12794 | D:13     | Killed a centaur warrior
 12794 | D:13     | Received a gift from Okawaru
 12797 | D:13     | Got an encrusted short sword {god gift}
 12827 | D:13     | Killed a boulder beetle
 12831 | D:13     | Identified the +1 short sword of Yziunt {freeze, rPois
                  | Str+3} (Okawaru gifted it to you on level 13 of the
                  | Dungeon)
 12880 | D:13     | Found a runed translucent gate.
 12880 | D:13     | Found a runed translucent gate.
 12880 | D:13     | Found a runed translucent gate.
 12881 | D:13     | Noticed a sphinx
 12883 | D:13     | Identified the +7 shortbow of Crawling {speed, Fragile
                  | Int+6 Dex+2}
 12953 | D:13     | Noticed a vault guard
 12961 | D:13     | Noticed a vault guard
 13017 | D:14     | Found a flagged portal.
 13031 | Bailey   | Entered a bailey
 13583 | Bailey   | Received a gift from Okawaru
 13867 | D:14     | Noticed a tengu warrior
 13877 | D:14     | Killed a tengu warrior
 13877 | D:14     | Reached XP level 13. HP: 72/80 MP: 13/13
 14458 | D:14     | Reached skill level 16 in Maces & Flails
 15023 | D:15     | Entered Level 15 of the Dungeon
 15028 | D:15     | Received a gift from Okawaru
 15327 | D:15     | Found a staircase to the Depths.
 15761 | D:15     | Reached skill level 10 in Fighting
 15856 | D:15     | Noticed a rakshasa
 15861 | D:15     | Killed a rakshasa
 16108 | D:15     | Gained mutation: Your large and strong wings let you fly
                  | indefinitely. [Gargoyle growth]
 16108 | D:15     | Reached XP level 14. HP: 86/88 MP: 14/14
 16514 | D:13     | Found a gate to the Vaults.
 16528 | D:13     | Reached skill level 10 in Stealth
 16815 | D:13     | Noticed a tengu reaver
 16892 | D:12     | Reached skill level 17 in Maces & Flails
 17170 | D:12     | Got a pair of ichor-stained boots
 17181 | D:12     | Identified the +0 pair of boots "Epsuuv" {rCorr Dex+3} (You
                  | found it on level 12 of the Dungeon)
 17410 | D:9      | Killed Whiskey's ghost
 17411 | D:9      | Received a gift from Okawaru
 17461 | Orc:1    | Entered Level 1 of the Orcish Mines
 17722 | Orc:1    | You fall into a shaft and drop 1 floor!
 17722 | Orc:2    | Entered Level 2 of the Orcish Mines
 17736 | Orc:2    | Found a roughly hewn altar of Beogh.
 17778 | Orc:2    | Paralysed by an orc sorcerer for 4 turns
 17856 | Orc:2    | Found a staircase to the Elven Halls.
 18321 | Orc:1    | Found Ongaz's Weapon Boutique.
 18713 | Orc:2    | Reached skill level 1 in Shields
 19245 | Orc:2    | Received a gift from Okawaru
 19251 | Orc:2    | Found Eweeleeq's Magic Scroll Boutique.
 19251 | Orc:2    | Found Wyogaid's Antique Armour Shop.
 19251 | Orc:2    | Found Zyxuofes's Distillery.
 19256 | Orc:2    | Found Baamowk's Magic Scroll Shop.
 19282 | Orc:2    | Reached skill level 10 in Armour
 19393 | Orc:2    | Bought a scroll of magic mapping for 35 gold pieces
 19393 | Orc:2    | Bought a scroll of identify for 20 gold pieces
 19393 | Orc:2    | Bought 2 scrolls of enchant armour for 150 gold pieces
 19393 | Orc:2    | Bought a scroll of teleportation for 30 gold pieces
 19602 | Orc:2    | Found Tateyd's Assorted Antiques.
 19608 | Orc:2    | Bought a scroll labeled FEF SAKISYLUI for 31 gold pieces
 19608 | Orc:2    | Bought a glowing black potion for 27 gold pieces
 20185 | Lair:1   | Identified a scroll of acquirement
 20723 | Lair:1   | Reached XP level 15. HP: 87/95 MP: 15/15
 20889 | Lair:2   | Found a frozen archway.
 20907 | IceCv    | Entered an ice cave
 21581 | Lair:2   | Noticed Urug
 21598 | Lair:2   | Killed Urug
 22133 | Lair:2   | Found a staircase to the Shoals.
 22141 | Lair:2   | Received a gift from Okawaru
 22893 | Lair:3   | Noticed Gastronok
 22900 | Lair:3   | Reached skill level 18 in Maces & Flails
 24357 | Lair:3   | Killed Gastronok
 24415 | Lair:4   | Found a hole to the Spider Nest.
 24495 | Lair:4   | Received a gift from Okawaru
 25008 | Lair:4   | Found a runed translucent door.
 25216 | Lair:4   | Identified the Collected Works on Flight and Moulding
 25436 | Lair:5   | Found a staircase to the Slime Pits.
 25708 | Lair:5   | Received a gift from Okawaru
 26337 | Lair:6   | Entered Level 6 of the Lair of Beasts
 26677 | Lair:6   | Reached XP level 16. HP: 44/101 MP: 16/16
 27249 | Lair:6   | Found a large runed translucent door.
 27249 | Lair:6   | Found a large runed translucent door.
 27743 | Lair:6   | Got a vibrating jade ring
 27747 | Lair:6   | Identified the ring "Tela" {MR+ Str-3 Int+3 Dex+6} (You
                  | found it on level 6 of the Lair of Beasts)
 27925 | Elf:1    | Entered Level 1 of the Elven Halls
 28397 | Elf:1    | Received a gift from Okawaru
 28669 | Elf:1    | Reached skill level 5 in Shields
 28703 | Elf:1    | Noticed a sphinx
 28727 | Elf:1    | Noticed a sphinx
 28733 | Elf:1    | Noticed a sphinx
 28734 | Elf:1    | Killed a sphinx
 28742 | Elf:1    | Killed a sphinx
 28744 | Elf:1    | Killed a sphinx
 28744 | Elf:1    | Reached skill level 19 in Maces & Flails
 28894 | Elf:1    | Noticed a sphinx
 28901 | Elf:1    | Killed a sphinx
 28901 | Elf:1    | Received a gift from Okawaru
 28927 | Elf:1    | Received a gift from Okawaru
 30478 | Elf:1    | Received a gift from Okawaru
 30511 | Elf:2    | Reached XP level 17. HP: 36/108 MP: 17/17
 30610 | Elf:2    | Found Vull's Weapon Boutique.
 30619 | Elf:2    | Found a magical portal.
 30853 | WizLab   | Entered Iskenderun's Mystic Tower
 30905 | WizLab   | Reached skill level 1 in Invocations
 31614 | WizLab   | Received a gift from Okawaru
 32696 | WizLab   | Identified the Tome of Changing
 32696 | WizLab   | Identified the Volume of the Death Scarab
 32714 | WizLab   | Identified Iskenderun's Almanac of Arcane Weapons
 32714 | WizLab   | Identified Iskenderun's Tome of Arcane Weapons
 33174 | Elf:2    | Identified the cursed +0 kite shield of Negewukk {rPois
                  | Str+2 SInv}
 33174 | Elf:2    | Noticed Asterion
 33234 | Elf:2    | Received a gift from Okawaru
 33253 | Elf:2    | Reached skill level 20 in Maces & Flails
 33261 | Elf:2    | Got a warped hat {god gift}
 33693 | D:13     | Killed a sphinx
 33953 | D:13     | Identified the +0 hat of Duck's Teeth {*Contam rN+ Regen+}
                  | (Okawaru gifted it to you on level 2 of the Elven Halls)
 34089 | Shoals:1 | Entered Level 1 of the Shoals
 34100 | Shoals:1 | Noticed Jorgrun
 34116 | Shoals:1 | Killed Jorgrun
 34283 | Shoals:1 | Got a bloodstained flail
 34284 | Shoals:1 | Identified the +6 flail "Jouvvi Ithry" {protect, rPois rF++
                  | rC+ Str-5} (You found it on level 1 of the Shoals)
 34538 | Shoals:1 | Got a bloodstained scimitar
 34539 | Shoals:1 | Identified the +4 scimitar "Cafaulin" {freeze, rElec rF+
                  | Int-2} (You found it on level 1 of the Shoals)
 34883 | Shoals:1 | Reached XP level 18. HP: 109/116 MP: 18/18
 34978 | Shoals:2 | Noticed Ilsuiw
 34995 | Shoals:2 | Killed Ilsuiw
 35113 | Shoals:2 | Noticed Frances
 35127 | Shoals:2 | Killed Frances
 35127 | Shoals:2 | Received a gift from Okawaru
 35131 | Shoals:2 | Got a dazzling long sword {god gift}
 35132 | Shoals:2 | Identified the +8 long sword of the Pharaoh's Fist {freeze,
                  | rF+ rN+} (Okawaru gifted it to you on level 2 of the
                  | Shoals)
 35910 | Shoals:3 | Got a scorched garnet amulet
 35917 | Shoals:3 | Identified the amulet "Fiuhoipn" {Spirit rC+} (You found it
                  | on level 3 of the Shoals)
 35933 | Shoals:3 | Noticed Meod's ghost (adept MiBe)
 35944 | Shoals:3 | Found a transporter.
 35975 | Shoals:3 | Found a transporter.
 36143 | Shoals:3 | Received a gift from Okawaru
 36167 | Shoals:3 | Reached skill level 15 in Stealth
 36677 | Shoals:4 | Entered Level 4 of the Shoals
 36730 | Shoals:4 | Slain by a merfolk impaler

Illustrated notes

Levels and vault maps discovered:
D:1:      dpeg_arrival_refuge, layout_basic, serial_glass, glass_columns_a,
          glass_columns_b
D:2:      layout_basic, tgw_xom
D:3:      layout_basic, ebering_ghost_sewer_f, minmay_quadrilaterals, uniq_robin
D:4:      layout_loops_ring, riverfiend_overflow_shadow_ancestor,
          gammafunk_temple_overflow_wave, grunt_temple_overflow_open
D:5:      layout_basic, minmay_temple_entry_poolview,
          gammafunk_ghost_abyssal_escape, chequers_serial_rivers_room_b,
          corexii_checkpoint_b, okawaru_metal_pillars_1_2
D:6:      layout_loops_ring, lemuel_coloured_pillars_altar,
          palyth_stone_intersect, minmay_manual_monstrance
D:7:      layout_gridville, kennysheep_mini_moat, gammafunk_ghost_arena,
          basic_altar, uniq_duvessa
D:8:      layout_loops_corners
D:9:      layout_loops_ring, makhleb_grotto_becter, bloody_trog,
          cheibrodos_worm_habitat, orc_0_dummy, gammafunk_ghost_spectres,
          hangedman_decor_peaks_small, uniq_maggie
D:10:     layout_loops_ring, erik_lair_island
D:11:     layout_basic
D:12:     minmay_elf_outpost, layout_basic
D:13:     kennysheep_treasure_stockpile, layout_rooms,
          grunt_vaults_entry_fortified, kennysheep_generic_room_15
D:14:     layout_long_grid, minmay_stone_trees_small, enter_bailey_1
D:15:     hangedman_depths_entry_try_elsewhere_first, layout_long_grid
Temple:   cyrus_temple_forest
Lair:1:   wad_woods_minihive, layout_chaotic_city, dpeg_stationary_puzzle
Lair:2:   layout_cave_pods, elwin_shoals_entry_stream,
          portal_ice_cave_entry_pillars_1, uniq_urug
Lair:3:   lemuel_ratsnest, layout_loops_ring, cheibrodos_lair_caveside_slide,
          infiniplex_staircase_pool, uniq_gastronok
Lair:4:   layout_misc_corridors, nicolae_spider_entry_non_spiders,
          pf_torpor_hydra, lemuel_fruit_fields
Lair:5:   layout_cave_pods, minmay_slime_entry_pillars, lemuel_fruit_fields
Lair:6:   cheibrodos_lair_end_hotspot, layout_gridlike
Shoals:1: layout_shoals, uniq_jorgrun
Shoals:2: layout_shoals, uniq_ilsuiw, uniq_frances
Shoals:3: layout_shoals, gammafunk_ghost_berserking_beasts
Shoals:4: shoals_end_hangedman, layout_shoals, lemuel_oklob_altar
Orc:1:    layout_caves, serial_shops, shop_coins
Orc:2:    st_orc_mages, layout_caves, basic_altar, serial_shops,
          nicolae_shop_overgrown_old_shop
Elf:1:    layout_loops_corners, special_room [special_room_mythical_zoo],
          hangedman_elf_disciples
Elf:2:    layout_gridlike, serial_shops, shop, mu_enter_wizlab_2, uniq_asterion

Skill      XL: |  1  2  3  4  5  6  7  8  9 10 11 12 13 14 15 16 17 18 |
---------------+-------------------------------------------------------+-----
Dodging        | 3 4 5 6 7 8 9 |  9.7
Maces & Flails | 4 9 13 14 15 16 17 18 19 20 | 20.4
Armour         | 1 2 4 5 7 9 10 11 12 13 | 13.8
Fighting       | 3 4 5 6 7 9 10 11 12 13 14 | 14.3
Short Blades   | 1 2 3 |  3.8
Stealth        | 1 2 3 4 5 7 8 9 11 12 13 14 15 | 15.1
Axes           | 2 5 |  5.2
Long Blades    | 1 |  1.2
Shields        | 2 4 6 7 8 |  8.2
Invocations    | 1 |  1.3
Throwing       | |  1.9
Unarmed Combat | |  0.9

Action                   |  1- 3 |  4- 6 |  7- 9 | 10-12 | 13-15 | 16-18 || total
-------------------------+-------+-------+-------+-------+-------+-------++-------
Melee: Flail             |   128 |    81 |   124 |   375 |       |       ||   708
       Dagger            |       |   203 |    43 |    28 |       |       ||   274
       War axe           |       |       |   177 |       |    68 |       ||   245
       Unarmed           |       |       |     5 |       |       |       ||     5
       Punch             |       |       |     1 |       |     1 |       ||     2
       Great mace        |       |       |       |   307 |  1155 |   879 ||  2341
       Great sword       |       |       |       |     4 |       |       ||     4
       Rapier            |       |       |       |       |    21 |       ||    21
Invok: Heroism           |       |       |     1 |     5 |     3 |     9 ||    18
Evoke: Wand              |       |       |       |       |     2 |       ||     2
  Use: Potion            |     1 |       |       |       |       |     1 ||     2
       Scroll            |       |     4 |     1 |     1 |    18 |    10 ||    34
 Stab: Distracted        |       |     1 |       |     1 |     3 |     3 ||     8
       Sleeping          |       |       |     6 |     9 |    16 |    17 ||    48
Armor: Leather armour    |    75 |    85 |       |       |       |       ||   160
       Animal skin       |       |    44 |    90 |       |       |       ||   134
       Robe              |       |       |    30 |       |    18 |       ||    48
       Ring mail         |       |       |    37 |   416 |   536 |   460 ||  1449
       Skin              |       |       |     1 |       |       |       ||     1
Dodge: Dodged            |   130 |   207 |   236 |   501 |   861 |   504 ||  2439
Block: Other             |    15 |    90 |    72 |       |   185 |   163 ||   525
       Reflection        |       |     1 |       |       |     4 |    15 ||    20
       Buckler           |       |       |       |       |    10 |       ||    10

Table legend: (Time is in decaauts)
 A = Elapsed time spent in this place.
 B = Non-inter-level travel time spent in this place.
 C = Inter-level travel time spent in this place.
 D = Time resting spent in this place.
 E = Time spent auto-exploring this place.
 F = Levels seen in this place.
 G = Mean time per level.
                   A        B        C        D        E       F      G
               +--------+--------+--------+--------+--------+-----+--------+
         Total |  36378 |  34271 |   2107 |   5135 |  20366 |  33 | 1102.4 |
       Dungeon |  17442 |  15975 |   1467 |   1496 |  10420 |  15 | 1162.8 |
        Temple |     91 |     68 |     23 |      0 |     59 |   1 |   91.0 |
          Lair |   7420 |   7094 |    326 |    419 |   5174 |   6 | 1236.7 |
        Shoals |   2577 |   2519 |     58 |      0 |   1776 |   4 |  644.2 |
  Orcish Mines |   2124 |   1992 |    132 |    576 |    913 |   2 | 1062.0 |
   Elven Halls |   3035 |   2936 |     99 |    760 |   1412 |   2 | 1517.5 |
        Bailey |    830 |    830 |      0 |      0 |    473 |   1 |  830.0 |
      Ice Cave |    597 |    597 |      0 |    353 |     16 |   1 |  597.0 |
        Wizlab |   2257 |   2257 |      0 |   1531 |    122 |   1 | 2257.0 |
               +--------+--------+--------+--------+--------+-----+--------+

Top non-repeatable levels by time:
   Elf:1: 2548 daAuts
  WizLab: 2257 daAuts
    D:13: 1767 daAuts
    D:12: 1747 daAuts
  Lair:3: 1609 daAuts
  Lair:6: 1410 daAuts
  Lair:2: 1345 daAuts
    D:15: 1261 daAuts
     D:7: 1237 daAuts
    D:14: 1210 daAuts
     D:5: 1189 daAuts
     D:6: 1178 daAuts
   Orc:2: 1157 daAuts
  Lair:1: 1149 daAuts
     D:3: 1137 daAuts
